 Dungeon Crawl Stone Soup version 0.18.1-47-g9310371 (webtiles) character file.

268 Peloso the Shield-Bearer (level 6, -6/56 HPs)
             Began as a Minotaur Fighter on June 17, 2016.
             Killed from afar by an orc wizard (10 damage)
             ... with a magic dart
             ... on level 3 of the Dungeon.
             The game lasted 00:03:42 (1774 turns).

Peloso the Shield-Bearer (Minotaur Fighter)         Turns: 1774, Time: 00:03:43

Health: -6/56      AC: 11    Str: 20    XL:     6   Next: 0%
Magic:  5/5        EV:  6    Int:  5    God:
Gold:   189        SH: 10    Dex: 12    Spells: 0 memorised, 5 levels left

rFire  . . .     SeeInvis .     a - +0 long sword
rCold  . . .     Gourm    .     k - +0 chain mail
rNeg   . . .     Faith    .     c - +0 shield
rPois  .         Spirit   .     (helmet restricted)
rElec  .         Dismiss  .     r - +0 cloak
rCorr  .         Reflect  .     (no gloves)
SustAt .         Harm     .     (no boots)
MR     .....                    (no amulet)
Stlth  ..........               (no ring)
                                (no ring)

@: not resistant to hostile enchantments, extremely unstealthy
A: retaliatory headbutt, horns 2
a: no special abilities


You were on level 3 of the Dungeon.
You were not hungry.

You visited 1 branch of the dungeon, and saw 3 of its levels.

You collected 189 gold pieces.

Inventory:

Hand Weapons
 a - a +0 long sword (weapon)
 q - a +0 dagger of speed
Armour
 b - a +0 scale mail
 c - a +0 shield (worn)
 k - a +0 chain mail (worn)
 r - a +0 cloak (worn)
Jewellery
 s - an uncursed ring of stealth {unknown}
Scrolls
 e - 2 scrolls of enchant weapon {unknown}
 h - a scroll of immolation {unknown}
 i - 2 scrolls of remove curse {unknown}
 j - a scroll of magic mapping {unknown}
 l - a scroll of recharging {unknown}
 n - a scroll of noise {unknown}
 o - 4 scrolls of identify {unknown}
 p - a scroll of blinking {unknown}
 v - a scroll of amnesia {unknown}
 w - a scroll of teleportation {unknown}
 x - a scroll of fear {unknown}
 y - a scroll of fog {unknown}
Potions
 d - 2 potions of might
 t - a potion of curing {unknown}
Comestibles
 f - 3 bread rations
 g - 4 fruits
 m - a royal jelly
 u - 4 chunks of flesh
 z - a meat ration


   Skills:
 + Level 5.0 Fighting
 + Level 3.4 Long Blades
 + Level 5.0 Armour
 + Level 2.0 Dodging
 + Level 5.2 Shields


You had 5 spell levels left.
You didn't know any spells.

Dungeon Overview and Level Annotations

Branches:
Dungeon (3/15)

Altars:


Innate Abilities, Weirdness & Mutations

You reflexively headbutt those who attack you in melee.
You have a pair of horns on your head.


Message History

The puff of flame hits you!
* * * LOW HITPOINT WARNING * * *
The orc priest barely misses you. You block the orc's attack.
The orc wizard hits you but does no damage.
You slash the orc priest!
You kill the orc priest!
You have reached level 6!
Your experience leads to an increase in your attributes!
Increase (S)trength, (I)ntelligence, or (D)exterity?
You feel agile. The orc wizard hits you with a dagger.
* * * LOW HITPOINT WARNING * * *
You block the orc's attack.
The orc wizard hits you but does no damage.
You see here a whip.
The orc closely misses you.
The orc wizard hits you but does no damage.
The orc wizard points at you and mumbles some strange words.
The magic dart hits you!
You die...

#.#.#.##.#..#.##..........# #.##.
..#.#.##.##.#.####.###....###'###
#.#.#..........................#
#.#.......#...##...............##
#.#.#####.##..##.#...............
....#####.##..##...........######
..##......##..##.#######...#
#.##.#######..##.#.)...#...# #
####.# #..##@#.....#...# # #
#.#### #..##.#...).'...# #
####.(..####.>##o#.....#.###
.......)....).#o(#######.#
####....###.#o...........#
.....#### #.).############ ######
#.#.# #.#.# ..#.#


You could see an orc wizard and an orc.

Vanquished Creatures
  The ghost of kit10 the Skirmisher, an amateur HuBe of Trog (D:3)
  An orc priest (D:3)
  3 gnolls (D:2)
  2 adders (D:2)
  2 oozes (D:2)
  6 orcs (D:3)
  4 bats
  2 giant cockroaches
  2 goblins
  4 hobgoblins
  6 jackals
  4 giant newts
  5 kobolds
  A quokka skeleton (D:3)
  8 rats
51 creatures vanquished.

Notes
Turn   | Place    | Note
--------------------------------------------------------------
     0 | D:1      | Peloso the Minotaur Fighter began the quest for the Orb.
     0 | D:1      | Reached XP level 1. HP: 19/19 MP: 0/0
   245 | D:1      | Reached XP level 2. HP: 27/27 MP: 1/1
   657 | D:2      | Reached XP level 3. HP: 29/33 MP: 2/2
  1007 | D:2      | Reached skill level 1 in Dodging
  1007 | D:2      | Reached XP level 4. HP: 41/41 MP: 3/3
  1343 | D:3      | Found a faded altar to an unknown god.
  1389 | D:3      | Noticed kit10's ghost (amateur HuBe)
  1416 | D:3      | Killed kit10's ghost
  1416 | D:3      | Reached skill level 5 in Armour
  1416 | D:3      | Reached skill level 5 in Shields
  1416 | D:3      | Reached XP level 5. HP: 25/47 MP: 4/4
  1418 | D:3      | Reached skill level 5 in Fighting
  1767 | D:3      | Reached XP level 6. HP: 4/56 MP: 5/5
  1767 | D:3      | HP: 2/56 [orc wizard/dagger (2)]
  1774 | D:3      | Killed from afar by an orc wizard

Skill      XL: |  1  2  3  4  5 |
---------------+----------------+-----
Shields        | 4 5 |  5.2
Fighting       | 4 5 |  5.0
Armour         | 4 5 |  5.0
Dodging        | 1 2 |  2.0
Long Blades    | 3 |  3.4

Action                   |  1- 3 |  4- 6 || total
-------------------------+-------+-------++-------
Melee: Long sword        |    57 |    66 ||   123
       Headbutt          |     8 |    12 ||    20
  Use: Potion            |       |     1 ||     1
  Eat: Chunk             |       |     3 ||     3
Armor: Chain mail        |    23 |    45 ||    68
       Scale mail        |     6 |       ||     6
Dodge: Dodged            |    19 |    32 ||    51
Block: Shield            |    31 |    42 ||    73
